 Dungeon Crawl Stone Soup version 0.17.0-24-gcfadda4 (webtiles) character file.

226 TruthSerum the Ruffian (level 5, -1/54 HPs)
             Began as a Troll Monk on Nov 15, 2015.
             Slain by a hobgoblin
             ... wielding a +0 club
             ... led by Robin
              (3 damage)
             ... on level 3 of the Dungeon.
             The game lasted 00:08:50 (1692 turns).

TruthSerum the Ruffian (Troll Monk)                 Turns: 1692, Time: 00:08:50

Health: -1/54      AC:  5    Str: 24    XL:     5   Next: 69%
Magic:  4/4        EV:  6    Int:  6    God:
Gold:   54         SH: 13    Dex: 13    Spells: 0 memorised, 4 levels left

rFire  + . .     SeeInvis .       - Unarmed
rCold  . . .     Clarity  .     a - +0 robe
rNeg   . . .     SustAt   .     l - +0 large shield
rPois  +         Gourm    +     (helmet restricted)
rElec  .         Spirit   .     (no cloak)
rCorr  .         Warding  .     (gloves unavailable)
rMut   .         Stasis   .     (boots unavailable)
MR     .....                    (no amulet)
Stlth  +.........               i - ring of protection from fire
                                p - ring of poison resistance

@: mighty, not resistant to hostile enchantments, very unstealthy
A: unfitting armour, claws 3, fast metabolism 3, gourmand, regeneration 2,
shaggy fur 1, tough skin 2
a: no special abilities


You were on level 3 of the Dungeon.
You were completely stuffed.

You visited 1 branch of the dungeon, and saw 3 of its levels.

You collected 54 gold pieces.

Inventory:

Armour
 a - a +0 robe (worn)
 l - a +0 large shield (worn)
Jewellery
 c - an uncursed ring of wizardry
 i - a ring of protection from fire (right claw)
 p - a ring of poison resistance (left claw)
Scrolls
 g - a scroll of enchant armour {unknown}
 k - a scroll of noise {unknown}
 n - a scroll of teleportation {unknown}
Potions
 d - 2 potions of haste {unknown}
 r - a potion of resistance
 t - a potion of flight
Comestibles
 b - 2 bread rations
 f - 2 meat rations
 j - 5 fruits
 m - a slice of pizza
 o - 3 chunks of flesh
 q - a beef jerky


   Skills:
 + Level 3.7 Fighting
 + Level 3.3 Dodging
 - Level 1.1 Stealth
 + Level 1.4 Shields
 + Level 5.0 Unarmed Combat


You had 4 spell levels left.
You didn't know any spells.

Dungeon Overview and Level Annotations

Branches:
Dungeon (3/15)

Altars:
Ashenzari
Makhleb
Nemelex Xobeh

Annotations:
D:3 Robin


Innate Abilities, Weirdness & Mutations

You are too large for most types of armour.
You have claws for hands.
Your metabolism is lightning-fast.
You like to eat raw meat.
You heal very quickly.
You are covered in fur (AC +1).
You have very tough skin (AC +2).


Message History

You barely miss the ogre.
The ogre is almost dead.
The hobgoblin barely misses you. You block the ogre's attack.
You block the hobgoblin's attack. The hobgoblin barely misses you.
The goblin hits you but does no damage.
Robin roars a battlecry!
The hobgoblin goes into a battle-frenzy!
You claw the ogre!
You kill the ogre!
Your Shields skill increases to level 1!
Your Unarmed Combat skill increases to level 5!
You have reached level 5!
You block the hobgoblin's attack. The hobgoblin hits you.
* * * LOW HITPOINT WARNING * * *
You block the goblin's attack. The hobgoblin hits you with a club.
* * * LOW HITPOINT WARNING * * *
You scratch the hobgoblin.
The hobgoblin is lightly wounded.
The hobgoblin hits you with a club.
You die...

..# ..###
.... # ...#.#
## ..... #.
...#.#
#####g#g.._.#
#....)@g...#
#.###g#g#..#
#.


gg. ... #. ..... . ## ##..## ..# .. ... You could see Robin, 3 hobgoblins and 3
goblins.

Vanquished Creatures
  An ogre (D:3)
  A hound (D:2)
  4 adders (D:2)
  An ooze (D:1)
  A worm (D:2)
  A giant gecko (D:2)
  2 ball pythons
  4 giant cockroaches
  6 hobgoblins
  4 jackals (D:1)
  4 kobolds
  8 bats
  2 giant newts
  9 goblins
  7 rats
55 creatures vanquished.

Notes
Turn   | Place    | Note
--------------------------------------------------------------
     0 | D:1      | TruthSerum the Troll Monk began the quest for the Orb.
     0 | D:1      | Reached XP level 1. HP: 22/22 MP: 0/0
    55 | D:1      | Reached XP level 2. HP: 29/29 MP: 1/1
   267 | D:1      | Reached XP level 3. HP: 36/36 MP: 2/2
   933 | D:2      | Reached XP level 4. HP: 40/45 MP: 3/3
   960 | D:2      | Found a shattered altar of Ashenzari.
  1031 | D:2      | Found a burning altar of Makhleb.
  1655 | D:3      | Found a sparkling altar of Nemelex Xobeh.
  1655 | D:3      | Noticed Robin
  1655 | D:3      | Noticed an ogre
  1691 | D:3      | Killed an ogre
  1691 | D:3      | Reached skill level 1 in Shields
  1691 | D:3      | Reached skill level 5 in Unarmed Combat
  1691 | D:3      | Reached XP level 5. HP: 4/54 MP: 4/4
  1691 | D:3      | HP: 1/54 [hobgoblin/club[Robin] (2)]
  1692 | D:3      | Slain by a hobgoblin

Action                   |  1- 3 |  4- 6 || total
-------------------------+-------+-------++-------
Melee: Unarmed           |   105 |    45 ||   150
  Use: Scroll            |       |     4 ||     4
       Potion            |       |     1 ||     1
 Stab: Sleeping          |     1 |       ||     1
  Eat: Chunk             |    14 |     7 ||    21
